 Dungeon Crawl Stone Soup version 0.17.1-2-g5865329 (webtiles) character file.

91 Grim the Vexing (level 4, -8/21 HPs)
             Began as a Spriggan Enchanter on Jan 18, 2016.
             Killed by divine providence
             ... invoked by an orc priest
              (11 damage)
             ... on level 3 of the Dungeon.
             The game lasted 00:06:00 (2773 turns).

Grim the Vexing (Spriggan Enchanter)                Turns: 2773, Time: 00:06:00

Health: -8/21      AC:  4    Str:  4    XL:     4   Next: 33%
Magic:  9/9        EV: 18    Int: 17    God:
Gold:   65         SH:  0    Dex: 16    Spells: 1 memorised, 7 levels left

rFire  . . .     SeeInvis +     a - +1 dagger
rCold  . . .     Clarity  .     b - +1 robe
rNeg   . . .     SustAt   .     (shield restricted)
rPois  .         Gourm    .     (helmet restricted)
rElec  .         Spirit   .     f - +0 cloak
rCorr  .         Warding  .     (gloves unavailable)
rMut   .         Stasis   .     (boots unavailable)
MR     .....                    (no amulet)
Stlth  +.........               (no ring)
                                (no ring)

@: confused, very quick, not resistant to hostile enchantments, very unstealthy
A: unfitting armour, see invisible, herbivore 3, speed 3, slow metabolism 2
a: no special abilities


You were on level 3 of the Dungeon.
You were not hungry.

You visited 1 branch of the dungeon, and saw 3 of its levels.

You collected 65 gold pieces.

Inventory:

Hand Weapons
 a - a +1 dagger (weapon)
Armour
 b - a +1 robe (worn)
 f - a +0 cloak (worn)
Jewellery
 m - a +3 ring of protection {unknown}
Scrolls
 e - a scroll of amnesia {unknown}
 i - 2 scrolls of identify {unknown}
 o - a scroll of immolation {unknown}
Potions
 g - a potion of degeneration {unknown}
 j - a potion of haste {unknown}
 k - 2 potions of might {unknown}
 l - a potion of ambrosia {unknown}
 n - a potion of cancellation {unknown}
 p - a potion of lignification {unknown}
 q - a potion of poison {unknown}
Books
 c - a book of Maledictions

   Spells                             Type                      Level
   a - Corona                         Hexes                        1
   b - Ensorcelled Hibernation        Hexes/Ice                    2
   c - Confuse                        Hexes                        3
   d - Tukima's Dance                 Hexes                        3
   e - Dazzling Spray                 Conjuration/Hexes            3
Comestibles
 d - 2 bread rations
 h - a royal jelly


   Skills:
 - Level 3.2 Short Blades
 - Level 3.0 Dodging
 - Level 4.4 Stealth
 - Level 2.6 Spellcasting
 + Level 5.1 Hexes


You had 7 spell levels left.
You knew the following spells:

 Your Spells              Type           Power        Failure   Level  Hunger
a - Corona                Hex            ###....      2%          1    #......


Dungeon Overview and Level Annotations

Branches:
Dungeon (3/15)

Altars:
Ru

Annotations:
D:3 Faustar's ghost, amateur DrFE


Innate Abilities, Weirdness & Mutations

You are tiny and cannot use many weapons and most armour.
You have supernaturally acute eyesight.
You are a herbivore.
You cover ground extremely quickly.
You need consume almost no food.


Message History

The orc wizard points at you and mumbles some strange words.
Your memorisation is interrupted.
You are confused.
You're too confused to move!
The orc wizard casts a spell.
The orc wizard flickers and vanishes for a moment.
You bump into the rock wall.
The orc priest invokes the aid of Beogh against you.
Something smites you!
* * * LOW HITPOINT WARNING * * *
The orc wizard casts a spell at you. The puff of flame misses you.
The orc wizard casts a spell at you. The magic dart hits you!
* * * LOW HITPOINT WARNING * * *
You're too confused to move!
The orc priest calls down the wrath of Beogh upon you.
Something smites you!
Ouch! That really hurt!
You die...

#.#####.>.. ##)#
##..# ##..##### #.
##.........
######....###...
#.......### .
#.......# #.......#
###@.#########
#......oo...#######
##.########........
### #........
..####### ...#
....# .....#
...o..l


You could see an orc priest and an orc wizard (invisible).

Vanquished Creatures
  3 adders (D:2)
  4 oozes
  3 worms (D:2)
  A ball python (D:1)
  2 bats
  2 giant cockroaches
  6 goblins
  5 hobgoblins
  3 giant newts
  6 kobolds
  A quokka (D:2)
  5 rats
41 creatures vanquished.

Notes
Turn   | Place    | Note
--------------------------------------------------------------
     0 | D:1      | Grim the Spriggan Enchanter began the quest for the Orb.
     0 | D:1      | Reached XP level 1. HP: 9/9 MP: 5/5
   314 | D:1      | Reached XP level 2. HP: 13/13 MP: 6/6
   650 | D:1      | Reached XP level 3. HP: 16/16 MP: 6/8
  1134 | D:2      | Found a sacrificial altar of Ru.
  1561 | D:2      | Reached XP level 4. HP: 15/21 MP: 9/9
  2083 | D:2      | Reached skill level 5 in Hexes
  2703 | D:3      | Noticed Faustar's ghost (amateur DrFE)
  2773 | D:3      | Killed from afar by an orc priest

Action                   |  1- 3 |  4- 6 || total
-------------------------+-------+-------++-------
Melee: Dagger            |    96 |    44 ||   140
 Cast: Corona            |    21 |     4 ||    25
 Stab: Sleeping          |    13 |     5 ||    18
